 Dungeon Crawl Stone Soup version 0.30-a0-632-g346586fe48 (webtiles) character file.

Game seed: 4280474091167245937

2139 porpoise the Cleaver (level 9, 0/79 HPs)
             Began as a Hill Orc Fighter on Jan 14, 2023.
             Was a Believer of Qazlal.
             Killed by divine providence
             ... invoked by an orc priest
              (13 damage)
             ... on level 7 of the Dungeon.
             The game lasted 00:22:08 (5347 turns).

porpoise the Cleaver (Hill Orc Fighter)             Turns: 5347, Time: 00:22:09

Health: 0/79       AC: 10    Str: 26    XL:     9   Next: 30%
Magic:  14/14      EV:  9    Int:  8    God:    Qazlal [**....]
Gold:   321        SH:  7    Dex: 10    Spells: 8/8 levels left

rFire   + . .      SeeInvis .    a - +1 war axe
rCold   . . .      Faith    .    c - +0 buckler
rNeg    + . .      Spirit   .    i - +0 scale mail
rPois   +          Reflect  .    (no helmet)
rElec   .          Harm     .    (no cloak)
rCorr   +          Rampage  .    n - +0 pair of gloves
Will    .....                    q - +0 pair of boots Stlth
                                 (no amulet)
HPRegen 0.33/turn                m - ring "Hoecic" {rPois rF+ rCorr Str+3}
MPRegen 0.14/turn                x - ring of positive energy

@: about to teleport
A: no striking features
a: Renounce Religion, Convert to Beogh, Upheaval


You were on level 7 of the Dungeon.
You worshipped Qazlal.
Qazlal was pleased with you.
You visited 1 branch of the dungeon, and saw 7 of its levels.

You collected 321 gold pieces.

Inventory:

Hand Weapons
 a - a +1 war axe (weapon)
 b - a +0 sling
 r - a +2 spear of flaming
Missiles
 d - 3 boomerangs
 j - 4 atropa-tipped darts
 B - a throwing net (quivered)
 F - 4 javelins
Armour
 c - a +0 buckler (worn)
 f - a +0 leather armour of cold resistance
 i - a +0 scale mail (worn)
 n - a +0 pair of gloves (worn)
 q - a +0 pair of boots (worn)
 D - a +1 scale mail of cold resistance
Jewellery
 m - the ring "Hoecic" (left hand) {rPois rF+ rCorr Str+3}
   (You found it on level 2 of the Dungeon)

   [ring of poison resistance]

   Str:       It affects your strength (+3).
   rF:        It protects you from fire.
   rPois:     It protects you from poison.
   rCorr:     It protects you from acid and corrosion.
 x - a ring of positive energy (right hand)
 G - a +6 ring of strength
Wands
 w - a wand of mindburst (6)
 C - a wand of flame (21)
 H - a wand of light (5)
Scrolls
 e - 3 scrolls of identify
 g - 5 scrolls of teleportation
 h - a scroll of enchant weapon
 o - 2 scrolls of vulnerability
 y - 2 scrolls of poison
 E - a scroll of magic mapping
Potions
 k - 6 potions of curing
 p - a potion of haste {unknown}
 s - a potion of lignification
 u - a potion of attraction
 v - a potion of mutation {unknown}
 z - a potion of ambrosia
 A - 2 potions of brilliance


   Skills:
 - Level 7.0 Fighting
 + Level 11.2 Axes
 + Level 5.7 Armour
 - Level 3.2 Shields
 * Level 7.1 Invocations


You had 8 spell levels left.
You didn't know any spells.
Your spell library contained the following spells:

 Spells                   Type           Power      Damage    Failure   Level
 Slow                     Hex            0%         N/A       77%         1
 Confusing Touch          Hex            0%         N/A       98%         3
 Frozen Ramparts          Ice            0%         1d1       98%         3
 Vampiric Draining        Necr           0%         2d6       98%         3
 Summon Ice Beast         Ice/Summ       0%         N/A       100%        4


Dungeon Overview and Level Annotations

Branches:
Dungeon (7/15)             Temple (0/1) D:7

Altars:
Elyvilon
Nemelex Xobeh
Okawaru
Qazlal
Ru
Sif Muna
Vehumet
Xom
Zin
The Shining One

Shops:
D:5 [

Annotations:
D:5 dig


Message History

The orc priest calls down the wrath of Beogh upon you.
Beogh smites you!
* * * LOW HITPOINT WARNING * * *
The orc priest invokes the aid of Beogh against you.
Beogh smites you!
* * * LOW HITPOINT WARNING * * *
You block the kobold's attack.
You feel better.
The orc priest shouts, "Join the one true god or die!"
The kobold closely misses you. You block the orc's attack.
The orc priest invokes the aid of Beogh against you.
Pain shoots through your body!
* * * LOW HITPOINT WARNING * * *
You block the orc priest's attack.
As you read the scroll of fog, it crumbles to dust.
The scroll dissolves into smoke.
The orc priest shouts, "Beogh is our master!
Accept the truth or die!"
The orc priest shouts, "Join the one true god or die!"
You block the orc's attack.
The orc priest hits you but does no damage.
The orc priest casts a cantrip, but nothing happens.
The kobold hits you but does no damage.
As you read the scroll of teleportation, it crumbles to dust.
You feel strangely unstable. The orc barely misses you.
The orc priest hits you but does no damage.
The orc priest threatens, "By the altar or by the axe, you will meet Beogh!"
The orc priest barely misses you. The kobold hits you but does no damage.
You closely miss the orc priest.
The orc priest is severely wounded.
You slash the orc!
You kill the orc!
Qazlal accepts your kill.
The orc priest shouts, "Join the one true god or die!"
The orc priest shouts, "Surrender to Beogh and we'll let you live!"
You hit the kobold.
You kill the kobold!
Qazlal accepts your kill.
The orc priest calls down the wrath of Beogh upon you.
Beogh smites you!
You die...

...... ...... ......
......# . .. ....... .##.#
. .....oo ..#.# .#
....#§§###.#.##.#
.....§§@§#...#..#....#
......§o§§.....# ....#
.......###§§..$..##....#
....... ##............###
....... #..............8.
.......###....).#.......>#
......##.............#8#
......#####...#......#
#....### ##..#.......


You could see 3 orc priests.

Vanquished Creatures
  An acid dragon (D:6)
  An orc warrior (D:7)
  3 ogres
  2 centaurs (D:7)
  2 phantoms
  A kobold brigand (D:7)
  A necrophage (D:6)
  2 scorpions (D:6)
  2 bullfrogs
  A gnoll sergeant (D:6)
  2 vampire bats (D:3)
  A howler monkey (D:6)
  4 crimson imps (D:5)
  2 jellies
  5 orc priests
  3 hounds
  A gnoll bouda (D:5)
  4 orc wizards
  9 gnolls (D:5)
  6 adders
  A worm (D:5)
  3 dart slugs (D:1)
  27 orcs
  4 ball pythons
  9 bats
  6 endoplasms
  A giant cockroach (D:4)
  2 goblins
  6 hobgoblins
  2 quokkas
  4 frilled lizards
  14 kobolds
  A rat (D:1)
133 creatures vanquished.

Notes
Turn   | Place    | Note
-------+----------+-------------------------------------------
     0 | D:1      | porpoise the Hill Orc Fighter began the quest for the Orb.
     0 | D:1      | Reached XP level 1. HP: 19/19 MP: 1/1
   113 | D:1      | Reached skill level 3 in Axes
   161 | D:1      | Reached XP level 2. HP: 27/27 MP: 2/2
   406 | D:1      | Reached skill level 4 in Axes
   517 | D:1      | Reached XP level 3. HP: 33/33 MP: 3/3
   809 | D:2      | Identified the ring "Hoecic" {rPois rF+ rCorr Str+3}
  1371 | D:3      | Found an iron altar of Okawaru.
  1595 | D:3      | Reached skill level 5 in Axes
  1595 | D:3      | Reached XP level 4. HP: 39/41 MP: 4/4
  1626 | D:3      | Reached XP level 5. HP: 42/47 MP: 5/5
  1789 | D:3      | Found a radiant altar of Vehumet.
  2045 | D:4      | Reached skill level 5 in Fighting
  2045 | D:4      | Reached skill level 6 in Axes
  2092 | D:4      | Noticed an ogre
  2101 | D:4      | Killed an ogre
  2102 | D:4      | Reached skill level 7 in Axes
  2102 | D:4      | Reached XP level 6. HP: 19/56 MP: 6/6
  2632 | D:4      | Found a stormy altar of Qazlal.
  2684 | D:4      | Became a worshipper of Qazlal Stormbringer
  2863 | D:4      | Found a sparkling altar of Nemelex Xobeh.
  2971 | D:5      | Entered Level 5 of the Dungeon
  2982 | D:5      | Reached skill level 8 in Axes
  2982 | D:5      | Reached XP level 7. HP: 39/63 MP: 7/7
  3209 | D:5      | Found Dionoxul's Armour Shoppe.
  3244 | D:5      | Reached skill level 9 in Axes
  3269 | D:5      | Reached * piety under Qazlal
  3407 | D:5      | Reached XP level 8. HP: 64/73 MP: 8/8
  3475 | D:5      | Found a shimmering altar of Xom.
  3520 | D:5      | Reached skill level 1 in Invocations
  3887 | D:6      | Found a sacrificial altar of Ru.
  3895 | D:6      | Reached skill level 10 in Axes
  4126 | D:6      | Got the Encyclopedia of Snow
  4478 | D:6      | Found a shimmering blue altar of Sif Muna.
  4646 | D:6      | Found a white marble altar of Elyvilon.
  4646 | D:6      | Found a glowing golden altar of the Shining One.
  4647 | D:6      | Found a glowing silver altar of Zin.
  4768 | D:6      | Reached skill level 5 in Invocations
  4913 | D:7      | Reached skill level 5 in Armour
  5081 | D:7      | Found a staircase to the Ecumenical Temple.
  5105 | D:7      | Reached XP level 9. HP: 64/79 MP: 13/13
  5121 | D:7      | Reached skill level 11 in Axes
  5326 | D:7      | Reached ** piety under Qazlal
  5347 | D:7      | Killed from afar by an orc priest

Illustrated notes

Levels and vault maps discovered:
D:1:      dpeg_arrival_boxes_within_box, layout_basic
D:2:      layout_loops_cross
D:3:      layout_basic, okawaru_ov_weapons_minmay, nicolae_vehumet_altar_sigil,
          roderic_batcave, corexii_hall_statues_i
D:4:      layout_loops_ring, mainiacjoe_overflow_alcove_1,
          nemelex_diamond_rough_becter, minmay_misc_feat_secret_circle
D:5:      layout_rooms, led_xom_imps, serial_shops, shop_statue,
          due_unseen_surprise
D:6:      minmay_cornered_nines, layout_basic, good_gods_temple_1,
          lemuel_round_altar, mainiacjoe_overflow_paths,
          chequers_serial_rivers_marsh
D:7:      layout_rooms, temple_statues, st_stairs_14

Skill      XL: |  1  2  3  4  5  6  7  8  9 |
---------------+----------------------------+-----
Axes           | 3 4 5 7 8 9 10 11 | 11.2
Fighting       | 4 5 6 7 |  7.0
Invocations    | 5 7 |  7.1
Armour         | 5 |  5.7
Shields        | |  3.2

Action                   |  1- 3 |  4- 6 |  7- 9 || total
-------------------------+-------+-------+-------++-------
Melee: War axe           |    54 |    78 |   207 ||   339
 Fire: Sling             |    21 |       |    19 ||    40
Throw: Dart              |       |     4 |     2 ||     6
       Boomerang         |       |       |     4 ||     4
       Throwing net      |       |       |     1 ||     1
Evoke: Wand              |       |       |     2 ||     2
  Use: Scroll            |     6 |     2 |    11 ||    19
       Potion            |       |       |     3 ||     3
 Stab: Invisible         |       |       |     1 ||     1
Armor: Scale mail        |    38 |    45 |   112 ||   195
Dodge: Dodged            |    40 |    38 |    99 ||   177
Block: Buckler           |    16 |    18 |    74 ||   108

Table legend: (Time is in decaauts)
 A = Elapsed time spent in this place.
 B = Non-inter-level travel time spent in this place.
 C = Inter-level travel time spent in this place.
 D = Time resting spent in this place.
 E = Time spent auto-exploring this place.
 F = Levels seen in this place.
 G = Mean time per level.
                   A        B        C        D        E       F      G
               +--------+--------+--------+--------+--------+-----+--------+
         Total |   5408 |   5212 |    196 |   1133 |   3063 |   7 |  772.6 |
       Dungeon |   5408 |   5212 |    196 |   1133 |   3063 |   7 |  772.6 |
               +--------+--------+--------+--------+--------+-----+--------+

Top non-repeatable levels by time:
     D:6: 1202 daAuts
     D:5: 960 daAuts
     D:4: 940 daAuts
     D:3: 732 daAuts
     D:1: 697 daAuts
     D:2: 640 daAuts
     D:7: 234 daAuts
